 Dungeon Crawl Stone Soup version 0.25.0-26-g0c896c7088 (webtiles) character file.

Game seed: 8499977932163805613

126 mortelune the Skirmisher (level 4, -6/38 HPs)
             Began as a Demonspawn Chaos Knight on July 3, 2020.
             Was an Initiate of Makhleb.
             Mangled by an ice beast (7 damage)
             ... on level 4 of the Dungeon.
             The game lasted 00:04:15 (4003 turns).

mortelune the Skirmisher (Demonspawn Chaos Knight)  Turns: 4003, Time: 00:04:15

Health: -6/38      AC:  7    Str: 13    XL:     4   Next: 84%
Magic:  4/4        EV: 12    Int: 14    God:    Makhleb [......]
Gold:   148        SH:  0    Dex: 12    Spells: 3/3 levels left

rFire    . . .     SeeInvis .   a - +0 hand axe (chaos)
rCold    . . .     Gourm    .   (no shield)
rNeg     . . .     Faith    .   b - +2 leather armour
rPois    .         Spirit   .   (no helmet)
rElec    .         Reflect  .   (no cloak)
rCorr    .         Harm     .   (no gloves)
MR       .....                  l - +0 pair of boots
Stlth    +.........             (no amulet)
HPRegen  0.12/turn              (no ring)
MPRegen  0.09/turn              (no ring)

@: no status effects
A: rugged brown scales 1
a: Renounce Religion


You were on level 4 of the Dungeon.
You worshipped Makhleb.
Makhleb was noncommittal.
You were very hungry.

You visited 1 branch of the dungeon, and saw 5 of its levels.

You collected 148 gold pieces.

Inventory:

Hand Weapons
 a - a +0 hand axe of chaos (weapon)
 o - a +0 morningstar
Missiles
 q - 6 poisoned darts (quivered)
Armour
 b - a +2 leather armour (worn)
 g - a +0 pair of boots
 l - a +0 pair of boots (worn)
Jewellery
 n - an uncursed ring of poison resistance {unknown}
 r - an uncursed amulet of magic regeneration {unknown}
Scrolls
 d - 3 scrolls of teleportation {unknown}
 e - 4 scrolls of identify {unknown}
 i - 2 scrolls of amnesia {unknown}
 k - a scroll of blinking {unknown}
 p - 2 scrolls of enchant weapon {unknown}
Potions
 f - a potion of might {unknown}
 h - a potion of flight
 j - a potion of lignification {unknown}
 m - a potion of haste {unknown}
 s - a potion of berserk rage {unknown}
Comestibles
 c - 10 rations


   Skills:
 + Level 3.7 Fighting
 + Level 3.4 Axes
 + Level 2.7 Armour
 + Level 2.2 Dodging


You had 3 spell levels left.
You didn't know any spells.
Your spell library was empty.

Dungeon Overview and Level Annotations

Branches:
Dungeon (5/15)
 Temple: D:4-7

Altars:
Ashenzari
Gozag
Kikubaaqudgha
Makhleb
Qazlal
Ru
Xom
Zin
The Shining One


Innate Abilities, Weirdness & Mutations

You are partially covered in rugged brown scales. (AC +1, +3% HP)


Message History

You see here a robe.
The ice beast seems less confused.
You aren't carrying any items that you can evoke.
The ice beast barely misses you.
You barely miss the ice beast.
The ice beast is almost dead.
The ice beast barely misses you. The ice beast misses you.
You hit the ice beast.
The ice beast is almost dead.
The ice beast hits you. The ice beast freezes you!
You hit the ice beast but do no damage.
The ice beast is almost dead.
The ice beast barely misses you. The ice beast hits you.
The ice beast freezes you!
* * * LOW HITPOINT WARNING * * *
The ice beast hits you.
* * * LOW HITPOINT WARNING * * *
The ice beast freezes you!
You die...
Xom bursts into laughter!

#############
............#
............# ##
............# .. #
............######.#....
........>.[....Y@......#
#.###.###########..#.#..
..# #.# ..... ..# ..#
..###.# ......# ... ..
.##. .. .# ## #


You could see an ice beast (berserk, strong).

Vanquished Creatures
  3 adders (D:2)
  4 worms
  A dart slug (D:2)
  2 leopard geckos
  6 orcs
  7 bats
  10 hobgoblins
  5 jackals
  2 ball pythons (D:1)
  A frilled lizard (D:1)
  8 goblins
  11 kobolds
  5 rats
65 creatures vanquished.

Vanquished Creatures (others)
  An adder (D:3)
1 creature vanquished.

Grand Total: 66 creatures vanquished

Notes
Turn   | Place    | Note
-------+----------+-------------------------------------------
     0 | D:1      | mortelune the Demonspawn Chaos Knight began the quest for
                  | the Orb.
     0 | D:1      | Reached XP level 1. HP: 18/18 MP: 1/1
   131 | D:1      | Reached skill level 1 in Dodging
   144 | D:1      | XOM: smoke on damage
   289 | D:1      | Gained mutation: You are partially covered in rugged brown
                  | scales. (AC +1, +3% HP) [demonic ancestry]
   289 | D:1      | Reached XP level 2. HP: 18/24 MP: 2/2
   919 | D:1      | XOM: confuse monster(s)
  1070 | D:2      | Reached XP level 3. HP: 5/29 MP: 3/3
  1246 | D:2      | XOM: 3-stop teleportation journey
  2114 | D:2      | XOM: 1-stop teleportation journey
  2151 | D:2      | XOM: 1-stop teleportation journey
  2233 | D:2      | Reached XP level 4. HP: 36/36 MP: 4/4
  2318 | D:2      | XOM: silly message
  2775 | D:3      | Found a shattered altar of Ashenzari.
  2985 | D:3      | XOM: noise
  3002 | D:3      | XOM: scenery: create altars
  3735 | D:4      | Noticed an ogre
  3848 | D:4      | Found a sacrificial altar of Ru.
  3849 | D:4      | Found an ancient bone altar of Kikubaaqudgha.
  3849 | D:4      | Found a burning altar of Makhleb.
  3850 | D:4      | Found a glowing silver altar of Zin.
  3850 | D:4      | Found an opulent altar of Gozag.
  3850 | D:4      | Found a stormy altar of Qazlal.
  3851 | D:4      | Found a glowing golden altar of the Shining One.
  3862 | D:4      | XOM: cloud trail
  3865 | D:4      | Fell from the grace of Xom
  3865 | D:4      | Became a worshipper of Makhleb the Destroyer
  3950 | D:5      | Entered Level 5 of the Dungeon
  3967 | D:5      | Noticed an ice beast
  4003 | D:4      | HP: 1/38 [ice beast (4)]
  4003 | D:4      | Mangled by an ice beast

Illustrated notes

Levels and vault maps discovered:
D:1:      saegor_arrival_simple_a, layout_rooms, nrook_mini_vaults
D:2:      layout_loops_ring
D:3:      layout_loops_cross, cheibrodos_ashenzari_chains
D:4:      layout_basic, old_standard_altar, grunt_temple_overflow_open,
          nzn_random_ring
D:5:      layout_loops_ring, fedhas_altar_2, minmay_temple_entry_junction_2,
          first_ration

Skill      XL: |  1  2  3  4 |
---------------+-------------+-----
Dodging        | 1 2 |  2.2
Armour         | 2 |  2.7
Axes           | 3 |  3.4
Fighting       | |  3.7

Action                   |  1- 3 |  4- 6 || total
-------------------------+-------+-------++-------
Melee: Hand axe          |   131 |    89 ||   220
  Use: Potion            |     1 |       ||     1
 Stab: Confused          |       |     1 ||     1
       Paralysed         |       |     1 ||     1
  Eat: Chunk             |     1 |     4 ||     5
       Ration            |     1 |       ||     1
Armor: Leather armour    |    57 |    32 ||    89
Dodge: Dodged            |    67 |    63 ||   130
